 Dungeon Crawl Stone Soup version 0.31-a0-369-g8eba5f6939 (webtiles) character file.

Game seed: 1303419250136035983

472272 Gelion the Slayer (level 24, 0/192 HPs)
             Began as an Octopode Shapeshifter on July 28, 2023.
             Was an Initiate of Gozag.
             Slain by a caustic shrike zombie (19 damage)
             ... on level 3 of the Tomb of the Ancients.
             The game lasted 02:23:00 (50359 turns).

Gelion the Slayer (Octopode Shapeshifter)          Turns: 50359, Time: 02:23:01

Health: 0/192      AC: 15    Str: 17    XL:     24   Next: 69%
Magic:  32/32      EV: 58    Int: 21    God:    Gozag
Gold:   3851       SH:  5    Dex: 28    Spells: 23/23 levels left

rFire   + +          .
                       - Unarmed
rCold   + + .        z - melded +0 kite shield
rNeg    + + +        P - melded +2 hat
rPois   ∞            X - amulet of reflection
rElec   +            D - ring of Juitoef {Str+2 Int+6}
rCorr   +            m - ring "Kueqeazil" {Wiz Fly rC+}
SInv    +            K - ring "Welles" {rCorr MP+9}
Will    +++..        x - ring of the Crown {rPois Int+4 Dex+6 Slay+3}
Stlth   ++           C - ring of see invisible
HPRegen 0.52/turn    p - ring of protection from cold
MPRegen 0.23/turn    u - ring "Korirey" {Will++ EV+5 Dex-3}
                     U - ring "Dirovon" {Fly rF++ rN+++ Dex+3 Slay-3}

%: reflection, wizardry (x1)
@: mighty, storm-form, gold aura, flying, studying 2 skills
A: cleaving, insubstantial, flying, almost no armour, amphibious, 8 rings,
(camouflage 1), (gelatinous body 1), (nimble swimmer 1), (tentacles)
}: 2/15 runes: decaying, serpentine
a: Blinkbolt, Begin Untransformation, Renounce Religion, Potion Petition, Call
Merchant, Bribe Branch


You were on level 3 of the Tomb of the Ancients.
You worshipped Gozag.
Gozag was most pleased with you.
You were a lightning-filled tempest!
You visited 10 branches of the dungeon, and saw 44 of its levels.
You also visited: Trove, Bailey, Gauntlet, Wizlab and Desolation.

You collected 21764 gold pieces.
You spent 12610 gold pieces at shops.
You paid 5303 gold pieces to Gozag.

Inventory:

Missiles
 H - 15 javelins
 R - 2 throwing nets
 W - 6 silver javelins
Armour
 z - a +0 kite shield (melded)
 P - a +2 hat (melded)
Jewellery
 m - the ring "Kueqeazil" (right tentacle) {Wiz Fly rC+}
   (You found it in the Desolation of Salt)

   [ring of wizardry]

   It improves your spell success rate.
   rC:        It protects you from cold.
   Fly:       It grants you flight.
 p - a ring of protection from cold (on tentacle)
 u - the ring "Korirey" (on tentacle) {Will++ EV+5 Dex-3}
   (You bought it in a shop on level 3 of the Elven Halls)

   [ring of evasion]

   EV:        It affects your evasion (+5).
   Dex:       It affects your dexterity (-3).
   Will:      It greatly increases your willpower.
 x - the ring of the Crown (on tentacle) {rPois Int+4 Dex+6 Slay+3}
   (You bought it in a shop on level 1 of the Dungeon)

   [ring of dexterity]

   Int:       It affects your intelligence (+4).
   Dex:       It affects your dexterity (+6).
   Slay:      It affects your accuracy & damage with ranged weapons and melee
   (+3).
   rPois:     It protects you from poison.
 C - a ring of see invisible (on tentacle)
 D - the ring of Juitoef (left tentacle) {Str+2 Int+6}
   (You found it on level 3 of the Crypt)

   [ring of intelligence]

   Str:       It affects your strength (+2).
   Int:       It affects your intelligence (+6).
 K - the ring "Welles" (on tentacle) {rCorr MP+9}
   (You found it in a treasure trove)

   [ring of magical power]

   MP:        It affects your magic capacity (+9).
   rCorr:     It protects you from acid and corrosion.
 M - the ring of Oqetz {rF+ EV+5}
   (You found it in a treasure trove)

   [ring of evasion]

   EV:        It affects your evasion (+5).
   rF:        It protects you from fire.
 U - the ring "Dirovon" (on tentacle) {Fly rF++ rN+++ Dex+3 Slay-3}
   (You took it off a deep elf blademaster on level 3 of the Elven Halls)

   [ring of flight]

   Dex:       It affects your dexterity (+3).
   Slay:      It affects your accuracy & damage with ranged weapons and melee
   (-3).
   rF:        It greatly protects you from fire.
   rN:        It renders you almost immune to negative energy.
   Fly:       It grants you flight.
 X - an amulet of reflection (around neck)
Talismans
 q - a talisman of death
 t - a granite talisman
 A - a storm talisman
 S - a dragon-blood talisman
Wands
 c - a wand of flame (84)
 e - a wand of polymorph (24)
 f - a wand of mindburst (29)
 h - a wand of roots (42)
 s - a wand of digging (11)
 v - a wand of light (16)
 I - a wand of paralysis (84)
Scrolls
 a - a scroll of fear
 d - 3 scrolls of enchant armour
 n - 2 scrolls of silence
 r - 7 scrolls of fog
 y - 15 scrolls of teleportation
 B - 6 scrolls of poison
 E - 3 scrolls of revelation
 G - 3 scrolls of amnesia
 L - 22 scrolls of identify
 T - a scroll of summoning
 Z - 7 scrolls of blinking
Potions
 b - 2 potions of ambrosia
 g - 4 potions of heal wounds
 i - 18 potions of curing
 j - 2 potions of invisibility
 k - 2 potions of magic
 o - 7 potions of resistance
 w - 6 potions of enlightenment
 F - 5 potions of brilliance
 J - 2 potions of might
 Q - 3 potions of mutation
 V - 2 potions of cancellation
 Y - a potion of lignification


   Skills:
 + Level 23.1 Fighting
 + Level 18.7 Dodging
 + Level 16.2 Shields
 + Level 21.1 Unarmed Combat
 * Level 22.9 Shapeshifting


You had 23 spell levels left.
You didn't know any spells.
Your spell library contained the following spells:

 Spells                   Type           Power      Damage    Failure   Level
 Apportation              Tloc           0%         N/A       8%          1
 Kiss of Death            Conj/Necr      0%         2d5       8%          1
 Magic Dart               Conj           0%         1d3       8%          1
 Sandblast                Erth           0%         2d4       8%          1
 Slow                     Hex            0%         N/A       8%          1
 Sting                    Tmut/Pois      0%         1d3       8%          1
 Summon Small Mammal      Summ           0%         N/A       8%          1
 Blink                    Tloc           0%         N/A       11%         2
 Call Imp                 Summ           0%         N/A       11%         2
 Ensorcelled Hibernation  Hex/Ice        0%         N/A       11%         2
 Lesser Beckoning         Tloc           0%         N/A       11%         2
 Momentum Strike          Conj/Tloc      0%         3d8       11%         2
 Passwall                 Tmut/Erth      0%         N/A       11%         2
 Poisonous Vapours        Pois/Air       0%         N/A       11%         2
 Scorch                   Fire           0%         2d5       11%         2
 Searing Ray              Conj           0%         2d4       11%         2
 Wereblood                Tmut           0%         N/A       11%         2
 Call Canine Familiar     Summ           0%         N/A       21%         3
 Confusing Touch          Hex            0%         N/A       21%         3
 Dazzling Flash           Conj/Hex       0%         N/A       21%         3
 Gell's Gravitas          Tloc           0%         N/A       21%         3
 Ignite Poison            Fire/Tmut/Pois 0%         N/A       21%         3
 Mephitic Cloud           Conj/Pois/Air  0%         N/A       21%         3
 Ozocubu's Armour         Ice            0%         N/A       21%         3
 Portal Projectile        Hex/Tloc       0%         N/A       21%         3
 Stone Arrow              Conj/Erth      0%         3d7       21%         3
 Summon Guardian Golem    Hex/Summ       0%         N/A       21%         3
 Tukima's Dance           Hex            0%         N/A       21%         3
 Vampiric Draining        Necr           0%         2d6       21%         3
 Volatile Blastmotes      Fire/Tloc      0%         2d10      21%         3
 Cause Fear               Hex            0%         N/A       54%         4
 Dispel Undead            Necr           0%         3d6       54%         4
 Flame Wave               Conj/Fire      0%         2d4       54%         4
 Fulminant Prism          Conj/Hex       0%         3d5       54%         4
 Iskenderun's Mystic Bla  Conj/Tloc      0%         2d3       54%         4
 Leda's Liquefaction      Hex/Erth       0%         N/A       54%         4
 Manifold Assault         Tloc           0%         N/A       54%         4
 Olgreb's Toxic Radiance  Pois           0%         N/A       54%         4
 Sticky Flame             Conj/Fire      0%         2d3       54%         4
 Summon Ice Beast         Ice/Summ       0%         N/A       54%         4
 Summon Lightning Spire   Summ/Air       0%         N/A       54%         4
 Agony                    Necr           0%         N/A       86%         5
 Alistair's Intoxication  Tmut/Pois      0%         N/A       86%         5
 Borgnjor's Vile Clutch   Necr/Erth      0%         N/A       86%         5
 Freezing Cloud           Conj/Ice/Air   0%         6-21      86%         5
 Irradiate                Conj/Tmut      0%         3d11      86%         5
 Lee's Rapid Deconstruct  Erth           0%         3d4*      86%         5
 Silence                  Hex/Air        0%         N/A       86%         5
 Summon Forest            Summ/Tloc      0%         N/A       86%         5
 Summon Mana Viper        Hex/Summ       0%         N/A       86%         5
 Conjure Ball Lightning   Conj/Air       0%         3x3d6     100%        6
 Death Channel            Necr           0%         N/A       100%        6
 Dispersal                Tloc           0%         N/A       100%        6
 Summon Cactus Giant      Summ           0%         N/A       100%        6
 Haunt                    Necr/Summ      0%         N/A       100%        7
 Malign Gateway           Summ/Tloc      0%         N/A       100%        7
 Monstrous Menagerie      Summ           0%         N/A       100%        7
 Orb of Destruction       Conj           0%         9d5       100%        7
 Ozocubu's Refrigeration  Ice            0%         4d7       100%        7
 Spellforged Servitor     Conj/Summ      0%         N/A       100%        7
 Summon Hydra             Summ           0%         N/A       100%        7
 Borgnjor's Revivificati  Necr           0%         N/A       100%        8
 Discord                  Hex            0%         N/A       100%        8
 Disjunction              Tloc           0%         N/A       100%        8
 Ignition                 Fire           0%         3d3       100%        8
 Infestation              Necr           0%         N/A       100%        8
 Lehudib's Crystal Spear  Conj/Erth      0%         10d2      100%        8
 Summon Horrible Things   Summ           0%         N/A       100%        8
 Chain Lightning          Conj/Air       0%         N/A       100%        9
 Death's Door             Necr           0%         N/A       100%        9
 Fire Storm               Conj/Fire      0%         5d1       100%        9
 Shatter                  Erth           0%         3d5*      100%        9
 Sublimation of Blood     Necr           Unusable   N/A       N/A         2
 Animate Armour           Summ/Erth      Unusable   N/A       N/A         4
 Animate Dead             Necr           Unusable   N/A       N/A         4

Dungeon Overview and Level Annotations

Branches:
Dungeon (15/15)            Temple (1/1) D:5            Lair (5/5) D:10
  Swamp (4/4) Lair:3        Snake (4/4) Lair:3        Slime (0/5) Lair:4
    Orc (2/2) D:11            Elf (3/3) Orc:2        Vaults (4/5) D:14
  Crypt (3/3) Vaults:2       Tomb (3/3) Crypt:3      Depths (0/4) D:15
 Bailey (visited)          WizLab (visited)         Desolation (visited)
Gauntlet (visited)

Altars:
Ashenzari
Cheibriados
Dithmenos
Elyvilon
Fedhas
Gozag
Hepliaklqana
Kikubaaqudgha
Makhleb
Nemelex Xobeh
Okawaru
Qazlal
Ru
Sif Muna
Trog
Uskayaw
Vehumet
Wu Jian
Xom
Yredelemnul
Zin
The Shining One

Shops:
D:1 =   D:14 ?   D:15 =   Orc:2 ?=![   Elf:2 ?   Elf:3 ==*   Swamp:4 !
Snake:1 [*:[(   Vaults:2 (   Vaults:3 :   Vaults:4 =:

Portals:
Abyss: Snake:2


Innate Abilities, Weirdness & Mutations

You are a lightning-filled tempest!
Your electrical attacks strike out in all directions at once.
You are incredibly evasive.
Your insubstantial body is immune to petrification, constriction, and being set on fire You are flying.
Your armour is entirely melded.
You are incapable of wielding weapons or throwing items.
You cannot wear most types of armour.
You are amphibious.
You can wear up to eight rings at the same time.
You are immune to poison.
((Your skin changes colour to match your surroundings (Stealth+).))
((Your rubbery body absorbs attacks. (AC +1, EV +1)))
((You are camouflaged when in or above water. (Stealth+)))
((You have tentacles for arms and can constrict up to eight enemies at once.))


Message History

The mummy priest mumbles some strange prayers to its god.
The death scarab's many legs skitter faintly. x2
You blast the royal mummy!!!
You destroy the royal mummy!
The death scarab disappears in a puff of smoke! x3
The emperor scorpion disappears in a puff of smoke! x2
You batter the death scarab!! You barely miss the death scarab.
You closely miss the guardian mummy.
You feel extremely nervous for a moment...
Your body is wracked with pain!
* * * LOW HITPOINT WARNING * * *
You hear a faint skittering sound. x3
The death scarab is no longer distracted by gold.
The death scarab is distracted by your dazzling golden aura. x2
A death scarab comes into view.
The death scarab completely misses you.
The death scarab is distracted by your dazzling golden aura.
The death scarab completely misses you. x2; The guardian mummy misses you.
The death scarab's many legs skitter faintly. x3
You completely miss the guardian mummy.
The guardian mummy is lightly damaged.
You batter the death scarab!!
Lightning courses through the death scarab!!
You destroy the death scarab!
You batter the death scarab!!
You destroy the death scarab!
You blast the death scarab!!!
You destroy the death scarab!
You blast the death scarab!!!
Lightning courses through the death scarab!
You destroy the death scarab!
You blast the death scarab!!!
Lightning courses through the death scarab!!
You destroy the death scarab!
You hit the caustic shrike zombie.
Lightning courses through the caustic shrike zombie!
The death scarab is distracted by your dazzling golden aura.
The caustic shrike zombie claws you!!
You die...
Your body crumbles into a pile of gold. ######## $ #......# $$$$ $ #..§§..# $$$$$$ $ #$§Z$§.# $$$$$$ $$$ #M§v$§.# $$$$$$$ #.M$$..# $$$ $$ $$$ #BsBsMM# $$$$ $$ $ BBBMMs..+ $$$$$$$ $$ ..#..B...# $$$$$$ $$$$ M..^#M.M...# $$$$$

$$$ .^.
#.MMM..#
$$$ $ $
.Z
#..M..B#
$$ $


You could see a royal mummy, 3 emperor scorpions, 2 mummy priests, 6 guardian
mummies, 7 death scarabs, 4 mummies, a stone giant simulacrum (summoned) and a
caustic shrike zombie.

Vanquished Creatures
  2 royal mummies
  Bai Suzhen (Swamp:4)
  A bone dragon (Crypt:3)
  3 doom hounds (Crypt:2)
  A profane servitor (Crypt:3)
  Jorgrun (Elf:1)
  Grunn (Crypt:2)
  2 liches
  3 deep elf master archers (Elf:3)
  3 deep elf blademasters
  Agnes (D:14)
  Kirke (D:12)
  8 ancient champions
  A tentacled starspawn (Snake:2)
  7 sphinxes
  A tengu reaver (Vaults:1)
  A daeva (Snake:2)
  5 nagarajas
  Aizul (Swamp:2)
  A thorn hunter (Swamp:4)
  Roxanne (Elf:2)
  The ghost of gelatine the Severer, an adept DsGl of Makhleb (Swamp:2)
  2 fenstrider witches
  A fire giant (D:14)
  8 revenants
  An iron dragon (Vaults:1)
  4 deep elf sorcerers (Elf:3)
  9 vault wardens
  3 curse skulls
  7 deep elf elementalists (Elf:3)
  The ghost of petzl the Thaumaturge, a journeyman FoDe of Vehumet (Lair:5)
  4 orc warlords
  The ghost of BillyBaka the Protected, a journeyman AtFi of Okawaru (Orc:2)
  2 cacodemons
  2 caustic shrike zombies (WizLab)
  3 imperial myrmidons (Desolation)
  17 ironbound preservers
  A ghoul (Crypt:3)
  2 war gargoyles
  A reaper (Crypt:2)
  3 stone giants
  2 formless jellyfish
  9 ironbound thunderhulks
  2 vampire knights
  6 deep elf demonologists
  7 halazid warlocks
  Nessos (Orc:2)
  7 deep elf annihilators
  The ghost of jejorda2 the Martial Artist, a journeyman GnBe of Trog (Lair:3)
  Azrael (Orc:2)
  2 bennus (Tomb:1)
  9 eleionomae
  4 bunyips
  A minotaur (Gauntlet)
  12 dire elephants
  2 ettins
  3 crystal guardians
  The ghost of Roemi Joo the Metamorph, a journeyman FeCK of Jiyva (Snake:2)
  Josephine (Lair:4)
  8 mummy priests
  A spectral quicksilver dragon (WizLab)
  10 deep elf death magi
  4 eidola
  An acid blob zombie (Crypt:1)
  14 yaktaur captains
  25 jiangshi
  4 entropy weavers
  4 great orbs of eyes
  4 deep elf high priests
  6 ragged hierophants (Desolation)
  21 hydras
  The ghost of LeprechaunX the Mimic, a journeyman OpSh of Hepliaklqana (Lair:2)
  3 salamander tyrants
  5 vault guards
  8 servants of whispers (Desolation)
  9 ironbound frosthearts
  15 peacekeepers
  An anaconda (shapeshifter) (Vaults:1)
  A spriggan air mage (Swamp:3)
  4 anacondas
  A fenstrider witch skeleton (Crypt:2)
  5 death knights
  A ghost crab (Swamp:4)
  8 two-headed ogres
  9 centaur warriors
  3 catoblepae
  5 boulder beetles
  27 dancing weapons
  36 death scarabs
  10 alligators
  11 naga warriors
  The ghost of bmack86 the Severer, a novice MiFi of Okawaru (D:10)
  3 tengu warriors
  7 shock serpents
  13 vampire magi
  A hell hog (Snake:2)
  3 thrashing horrors (Snake:2)
  6 orc high priests
  13 naga sharpshooters
  Urug (Lair:5)
  16 deep elf knights
  Sonja (D:10)
  2 skysharks
  6 shadow wraiths
  34 skeletal warriors
  4 salamander mystics
  2 spectral spark wasps (WizLab)
  Lodul (D:14)
  6 goliath frogs
  An obsidian statue (Gauntlet)
  7 flayed ghosts
  8 spriggan druids
  12 swamp dragons
  45 deep trolls
  2 bog bodies (Swamp:1)
  2 glowing orange brains
  13 lindwurms
  An anaconda skeleton (Crypt:2)
  19 ironbound convokers
  A fenstrider witch simulacrum (Crypt:3)
  Pikel (D:5)
  8 deep elf archers
  5 naga ritualists (Snake:4)
  16 orc knights
  2 wolf spider zombies (WizLab)
  28 deep elf pyromancers
  11 wizards
  The ghost of HallandMoats the Trooper, a novice DsFi of Okawaru (D:6)
  9 phantasmal warriors
  5 mana vipers
  4 necromancers
  An iron giant skeleton (Crypt:2)
  34 deep elf zephyrmancers
  A frost giant zombie (Crypt:2)
  A wolf spider (D:15)
  4 cyclopes
  A shadow dragon skeleton (Tomb:1)
  4 oklob plants (Lair:4)
  7 will-o-the-wisps
  5 orc sorcerers
  12 salamanders
  24 ugly things
  3 guardian serpents
  3 moths of wrath
  2 manticores (D:13)
  Maurice (D:10)
  A fire giant skeleton (Crypt:2)
  31 black mambas
  A torpor snail (Lair:5)
  2 worldbinders (Snake:2)
  11 vault sentinels
  10 elephants
  2 molten gargoyles (Gauntlet)
  10 naga magi
  Maggie (D:9)
  10 cane toads
  29 yaktaurs
  2 gargoyles
  A hellion (Snake:2)
  A rime drake (D:10)
  12 komodo dragons
  The ghost of Gelion the Changeling, a novice OpSh (D:5)
  A kobold demonologist (D:14)
  2 efreet
  2 tengu conjurers
  2 spectral harpies
  6 freezing wraiths
  A grey draconian skeleton (Crypt:1)
  14 guardian mummies
  3 meliai (D:15)
  7 polar bears
  2 bloated husks
  7 trolls
  7 hornets
  2 harpy skeletons (Crypt:2)
  62 saltlings (Desolation)
  A spriggan zombie (WizLab)
  A tarantella (Vaults:3)
  Grinder (D:5)
  9 blink frogs
  6 dream sheep (Lair:5)
  6 tyrant leeches
  57 flying skulls
  2 centaur simulacra
  A large abomination (Crypt:3)
  57 slime creatures
  A jumping spider (Vaults:3)
  A black mamba zombie (Crypt:1)
  29 yaks
  3 shadows
  An ettin skeleton (Crypt:2)
  An ice dragon skeleton (Crypt:1)
  An elf simulacrum (Vaults:2)
  2 vampires
  A culicivora (Vaults:4)
  21 spriggans
  3 water elementals
  4 air elementals
  A dire elephant simulacrum (Crypt:3)
  7 ushabtiu
  9 wraiths
  2 wyverns
  A steam dragon (Lair:2)
  3 basilisks
  A black mamba skeleton (Crypt:2)
  An unseen horror simulacrum (D:6)
  8 fire elementals
  13 vampire mosquitoes
  A yaktaur simulacrum (Vaults:2)
  5 redbacks
  4 wargs
  2 acid dragons
  21 swamp worms
  43 nagas
  13 water moccasins
  3 hell hounds (Orc:2)
  Duvessa (D:7)
  A fire bat skeleton (Crypt:2)
  21 orc warriors
  6 ice beasts
  3 black bears
  9 swamp drakes (Swamp:4)
  12 centaurs
  10 ogres
  5 boggarts (Lair:5)
  A torpor snail zombie (Crypt:1)
  30 wolves
  6 kobold brigands
  A swamp dragon skeleton (Tomb:2)
  A phantom (D:6)
  Blork the orc (D:4)
  A lemure (D:5)
  14 bullfrogs
  2 gnoll sergeants
  3 earth elementals (Elf:1)
  4 necrophages (Crypt:3)
  3 scorpions
  A naga simulacrum (Crypt:2)
  Dowan (D:7)
  A cyclops skeleton (Crypt:1)
  11 wights
  A killer bee (D:5)
  3 small abominations (Crypt:3)
  6 howler monkeys
  An electric eel (Lair:3)
  2 jellies
  3 hounds
  2 centaur skeletons (D:6)
  17 orc priests
  A gnoll bouda (D:8)
  4 iguanas
  2 sleepcaps
  19 orc wizards
  A tengu skeleton (Crypt:2)
  7 mummies
  Robin (D:3)
  21 gnolls
  10 adders
  A steam dragon skeleton (Crypt:1)
  2 ufetubi
  An adder skeleton (Crypt:2)
  A worm (D:2)
  2 dart slugs
  80 orcs
  6 endoplasms
  3 giant cockroaches
  17 goblins
  6 hobgoblins
  31 kobolds
  3 quokkas
  6 ball pythons
  6 bats
  3 frilled lizards
  6 rats
  2 starspawn tentacles (Snake:2)
1895 creatures vanquished.

Vanquished Creatures (others)
  3 deep elf knights
  A salamander (Snake:4)
  A bloated husk (Swamp:2)
  A flying skull (WizLab)
  2 humans (D:12)
  A naga (Snake:4)
  An orc wizard (Orc:2)
  50 foxfires
  7 starspawn tentacles (Snake:2)
67 creatures vanquished.

Grand Total: 1962 creatures vanquished

Notes
Turn   | Place    | Note
-------+----------+-------------------------------------------
     0 | D:1      | Gelion the Octopode Shapeshifter began the quest for the
                  | Orb.
     0 | D:1      | Reached XP level 1. HP: 13/13 MP: 1/1
   196 | D:1      | Reached XP level 2. HP: 13/18 MP: 2/2
   657 | D:1      | Found Duozan's Jewellery Shoppe.
   911 | D:2      | Reached XP level 3. HP: 18/23 MP: 3/3
   957 | D:2      | Identified the +6 long sword of the Warrior {heavy, rC+
                  | Str+3}
  1395 | D:2      | Reached XP level 4. HP: 29/29 MP: 4/4
  1407 | D:2      | Reached skill level 2 in Fighting
  1751 | D:3      | Noticed Robin
  1759 | D:3      | Killed Robin
  1863 | D:3      | Reached XP level 5. HP: 17/35 MP: 5/5
  2352 | D:4      | Noticed Blork the orc
  2371 | D:4      | Killed Blork the orc
  2372 | D:4      | Reached skill level 3 in Fighting
  2372 | D:4      | Reached XP level 6. HP: 10/42 MP: 6/6
  2699 | D:4      | Identified the +7 trident of Bodily Harmony {heavy, *Rage
                  | rC++ Will+++}
  2809 | D:5      | Entered Level 5 of the Dungeon
  2835 | D:5      | Noticed an ice beast
  2836 | D:5      | Found a transporter.
  2839 | D:5      | Noticed Gelion's ghost (novice OpSh)
  2957 | D:5      | Reached skill level 5 in Shapeshifting
  2985 | D:5      | Reached XP level 7. HP: 26/46 MP: 7/7
  3125 | D:5      | Found a staircase to the Ecumenical Temple.
  3138 | Temple   | Entered the Ecumenical Temple
  3187 | Temple   | Became a worshipper of Gozag Ym Sagoz the Greedy
  3394 | D:5      | Found a shimmering blue altar of Sif Muna.
  3464 | D:5      | Noticed Grinder
  3474 | D:5      | Paralysed by Grinder for 3 turns
  3480 | D:5      | Killed Grinder
  3481 | D:5      | Reached skill level 4 in Fighting
  3481 | D:5      | Reached skill level 5 in Unarmed Combat
  3506 | D:5      | Found a transporter.
  3522 | D:5      | Noticed Pikel
  3559 | D:5      | Killed Pikel
  3560 | D:5      | Reached XP level 8. HP: 28/54 MP: 8/8
  3786 | D:5      | Reached skill level 5 in Fighting
  4213 | D:6      | Reached XP level 9. HP: 60/61 MP: 9/9
  4401 | D:6      | Found a runed translucent gate.
  4401 | D:6      | Found a runed translucent gate.
  4401 | D:6      | Found a runed translucent gate.
  4406 | D:6      | Noticed HallandMoats's ghost (novice DsFi)
  4922 | D:6      | Killed HallandMoats's ghost
  4923 | D:6      | Reached skill level 6 in Fighting
  5497 | D:7      | Noticed Duvessa
  5498 | D:7      | Noticed Dowan
  5505 | D:7      | Killed Duvessa
  5507 | D:7      | Killed Dowan
  5763 | D:7      | Found a flagged portal.
  5773 | Bailey   | Entered a bailey
  6167 | Bailey   | Reached XP level 10. HP: 69/69 MP: 10/10
  6187 | Bailey   | Reached skill level 7 in Fighting
  7416 | D:1      | Bought the ring of the Crown {rPois Int+4 Dex+6 Slay+3} for
                  | 750 gold pieces
  7527 | D:7      | Found a burning altar of Makhleb.
  7835 | D:8      | Reached skill level 8 in Fighting
  8095 | D:8      | Noticed a two-headed ogre
  8106 | D:8      | Killed a two-headed ogre
  8107 | D:8      | Reached skill level 10 in Shapeshifting
  8790 | D:9      | Noticed Maggie
  8798 | D:9      | Killed Maggie
  8799 | D:9      | Reached skill level 9 in Fighting
  8799 | D:9      | Reached XP level 11. HP: 46/80 MP: 11/11
  9083 | D:9      | Noticed a two-headed ogre
  9091 | D:9      | Killed a two-headed ogre
  9641 | D:9      | Found a glowing golden altar of the Shining One.
  9644 | D:9      | Found a radiant altar of Vehumet.
  9646 | D:9      | Found a shimmering altar of Xom.
  9928 | D:1      | Bought a ring of see invisible for 165 gold pieces
  9928 | D:1      | Bought a +5 ring of evasion for 396 gold pieces
 10050 | D:5      | Killed Gelion's ghost
 10233 | D:10     | Entered Level 10 of the Dungeon
 10233 | D:10     | Noticed a two-headed ogre
 10236 | D:10     | Killed a two-headed ogre
 10301 | D:10     | Found a large runed translucent door.
 10301 | D:10     | Found a large runed translucent door.
 10302 | D:10     | Noticed bmack86's ghost (novice MiFi)
 10394 | D:10     | Found a staircase to the Lair.
 10398 | D:10     | Reached skill level 10 in Fighting
 10409 | D:10     | Noticed Sonja
 10419 | D:10     | Killed Sonja
 10523 | D:10     | Noticed Maurice
 10566 | D:10     | Killed Maurice
 10835 | D:10     | Killed bmack86's ghost
 10963 | Lair:1   | Entered Level 1 of the Lair of Beasts
 11125 | Lair:1   | Reached XP level 12. HP: 75/89 MP: 12/12
 11196 | Lair:1   | Reached skill level 11 in Fighting
 11199 | Lair:1   | Reached skill level 10 in Unarmed Combat
 11836 | Lair:2   | Reached skill level 5 in Dodging
 11884 | Lair:2   | Reached skill level 12 in Fighting
 11969 | Lair:2   | Noticed a five-headed hydra
 11973 | Lair:2   | Killed a five-headed hydra
 12089 | Lair:2   | Noticed a skyshark
 12098 | Lair:2   | Killed a skyshark
 12337 | Lair:2   | Found a runed translucent gate.
 12337 | Lair:2   | Found a runed translucent gate.
 12337 | Lair:2   | Found a runed translucent gate.
 12339 | Lair:2   | Noticed LeprechaunX's ghost (journeyman OpSh)
 12451 | Lair:2   | Killed LeprechaunX's ghost
 12452 | Lair:2   | Reached XP level 13. HP: 89/98 MP: 13/13
 12805 | Lair:3   | Found a staircase to the Snake Pit.
 12892 | Lair:3   | Reached skill level 13 in Fighting
 12902 | Lair:3   | Identified the +4 long sword "Tonyimp" {venom, Int+2 Dex+2
                  | Stlth+}
 13000 | Lair:3   | Found a large runed translucent door.
 13000 | Lair:3   | Found a large runed translucent door.
 13006 | Lair:3   | Noticed jejorda2's ghost (journeyman GnBe)
 13352 | Lair:3   | Found a staircase to the Swamp.
 13673 | Lair:3   | Killed jejorda2's ghost
 13915 | Lair:4   | Found a staircase to the Slime Pits.
 13967 | Lair:4   | Noticed Josephine
 13973 | Lair:4   | Killed Josephine
 14930 | Lair:5   | Entered Level 5 of the Lair of Beasts
 14949 | Lair:5   | Found a runed translucent gate.
 14949 | Lair:5   | Found a runed translucent gate.
 14952 | Lair:5   | Noticed petzl's ghost (journeyman FoDe)
 14966 | Lair:5   | Noticed Urug
 14991 | Lair:5   | Killed Urug
 14992 | Lair:5   | Reached skill level 14 in Fighting
 15141 | Lair:5   | Reached XP level 14. HP: 108/108 MP: 14/14
 15764 | Lair:5   | Reached skill level 15 in Fighting
 15893 | Lair:5   | Found a runed translucent gate.
 15928 | Lair:5   | Killed petzl's ghost
 16144 | Lair:5   | Identified the +8 war axe "Rahyf" {freeze, Drain rPois
                  | Int+8 Stlth+}
 16702 | D:1      | Bought an amulet of magic regeneration for 330 gold pieces
 16702 | D:1      | Bought a +6 ring of strength for 396 gold pieces
 16893 | D:11     | Found a staircase to the Orcish Mines.
 17684 | Orc:1    | Entered Level 1 of the Orcish Mines
 18072 | Orc:2    | Entered Level 2 of the Orcish Mines
 18150 | Orc:2    | Noticed BillyBaka's ghost (journeyman AtFi)
 18155 | Orc:2    | Noticed a stone giant
 18232 | Orc:2    | Noticed Azrael
 18244 | Orc:2    | Killed Azrael
 18523 | Orc:2    | Found a staircase to the Elven Halls.
 18646 | Orc:2    | Noticed Nessos
 18660 | Orc:2    | Killed Nessos
 18713 | Orc:2    | Reached XP level 15. HP: 100/117 MP: 15/15
 18755 | Orc:2    | Reached skill level 15 in Shapeshifting
 19065 | Orc:2    | Found Soam's Magic Scroll Shoppe.
 19065 | Orc:2    | Found Biesikhli's Jewellery Boutique.
 19068 | Orc:2    | Found Demat's Distillery.
 19068 | Orc:2    | Found Ucseami's Armour Boutique.
 19080 | Orc:2    | Bought a scroll of vulnerability for 60 gold pieces
 19080 | Orc:2    | Bought a scroll of teleportation for 45 gold pieces
 19080 | Orc:2    | Bought a scroll of immolation for 60 gold pieces
 19083 | Orc:2    | Bought a potion of curing for 45 gold pieces
 19083 | Orc:2    | Bought 2 potions of degeneration for 30 gold pieces
 19083 | Orc:2    | Bought a potion of curing for 45 gold pieces
 19083 | Orc:2    | Bought a potion of attraction for 45 gold pieces
 19083 | Orc:2    | Bought a potion of heal wounds for 75 gold pieces
 19083 | Orc:2    | Bought a potion of heal wounds for 75 gold pieces
 19083 | Orc:2    | Bought a potion of resistance for 150 gold pieces
 19087 | Orc:2    | Bought a ring of fire for 350 gold pieces
 19087 | Orc:2    | Bought a +5 ring of evasion for 504 gold pieces
 19087 | Orc:2    | Bought a dragon-blood talisman for 1120 gold pieces
 19087 | Orc:2    | Bought a ring of protection from fire for 350 gold pieces
 19224 | Orc:2    | Found a transporter.
 19227 | Orc:2    | Found a transporter.
 19228 | Orc:2    | Found a bloodstained altar of Trog.
 19297 | Orc:2    | Killed BillyBaka's ghost
 19298 | Orc:2    | Reached skill level 16 in Fighting
 19522 | Swamp:1  | Entered Level 1 of the Swamp
 20057 | Swamp:1  | Noticed a fenstrider witch
 20066 | Swamp:1  | Killed a fenstrider witch
 20067 | Swamp:1  | Reached skill level 10 in Dodging
 20340 | Swamp:1  | Identified the +8 trident of Feqeograuto {antimagic, rPois
                  | Will+ Int+2}
 20633 | Swamp:2  | Found a transporter.
 20635 | Swamp:2  | Noticed gelatine's ghost (adept DsGl)
 20723 | Swamp:2  | Noticed a fenstrider witch
 20724 | Swamp:2  | Paralysed by a fenstrider witch for 5 turns
 20729 | Swamp:2  | Noticed Aizul
 20731 | Swamp:2  | Killed a fenstrider witch
 20746 | Swamp:2  | Killed Aizul
 21000 | Swamp:2  | Found a transporter.
 21218 | Swamp:3  | Found a shadowy altar of Dithmenos.
 21441 | Swamp:3  | Reached skill level 17 in Fighting
 21742 | Swamp:4  | Entered Level 4 of the Swamp
 21746 | Swamp:4  | Reached XP level 16. HP: 126/126 MP: 16/16
 21758 | Swamp:4  | Noticed Bai Suzhen
 21852 | Swamp:4  | Killed Bai Suzhen
 22176 | Swamp:4  | Noticed a thorn hunter
 22190 | Swamp:4  | Killed a thorn hunter
 22209 | Swamp:4  | HP: 4/163 [swamp worm (16)]
 22488 | Swamp:4  | Reached skill level 18 in Fighting
 22812 | Swamp:4  | Got a decaying rune of Zot
 23147 | Swamp:4  | Bought a potion of curing for 36 gold pieces
 23147 | Swamp:4  | Bought a potion of resistance for 120 gold pieces
 23147 | Swamp:4  | Bought a potion of curing for 36 gold pieces
 23344 | D:12     | Noticed Kirke
 23357 | D:12     | Killed Kirke
 23889 | D:13     | Found a gate leading to a gauntlet.
 23898 | Gauntlet | Entered a Gauntlet
 23898 | Gauntlet | Found a transporter.
 23898 | Gauntlet | Found a transporter.
 23900 | Gauntlet | Found a transporter.
 23902 | Gauntlet | Found a transporter.
 23903 | Gauntlet | Found a transporter.
 23913 | Gauntlet | Found a transporter.
 23919 | Gauntlet | Found a transporter.
 23923 | Gauntlet | Found a transporter.
 23924 | Gauntlet | Found a transporter.
 23946 | Gauntlet | Found a transporter.
 23950 | Gauntlet | Found a transporter.
 23966 | Gauntlet | Found a transporter.
 24220 | Gauntlet | Identified the +1 short sword "Mehamp" {protect, Dex+4}
 24233 | Gauntlet | Identified the +0 robe of Midwinter {Harm rN+}
 24565 | D:13     | Reached XP level 17. HP: 135/135 MP: 17/17
 25072 | D:14     | Noticed Lodul
 25085 | D:14     | Killed Lodul
 25111 | D:14     | Found a gate to the Vaults.
 25207 | D:14     | Found Hyonar's Magic Scroll Emporium.
 25215 | D:14     | Bought a scroll of identify for 36 gold pieces
 25215 | D:14     | Bought a scroll of blinking for 135 gold pieces
 25215 | D:14     | Bought a scroll of identify for 36 gold pieces
 25215 | D:14     | Bought a scroll of teleportation for 54 gold pieces
 25215 | D:14     | Bought a scroll of teleportation for 54 gold pieces
 25602 | D:14     | Reached skill level 15 in Unarmed Combat
 25868 | D:14     | Noticed Agnes
 25873 | D:14     | Killed Agnes
 26040 | D:15     | Entered Level 15 of the Dungeon
 26218 | D:15     | Found Dagaogin's Jewellery Shoppe.
 26227 | D:15     | Bought an amulet of reflection for 480 gold pieces
 26227 | D:15     | Bought the ring of Generosity {Fire Will+ rCorr Int+3} for
                  | 792 gold pieces
 26283 | D:15     | Bought a ring of flight for 280 gold pieces
 26283 | D:15     | Bought an amulet of guardian spirit for 480 gold pieces
 26283 | D:15     | Bought a ring of positive energy for 320 gold pieces
 26476 | D:15     | Found a staircase to the Depths.
 26485 | D:15     | Reached skill level 19 in Fighting
 27149 | Snake:1  | Entered Level 1 of the Snake Pit
 27149 | Snake:1  | Found Gahuucve's Antique Armour Boutique.
 27157 | Snake:1  | Bought a glowing buckler for 270 gold pieces
 27157 | Snake:1  | Bought a runed hat for 252 gold pieces
 27343 | Snake:1  | Found Fetecul's Assorted Antiques.
 27346 | Snake:1  | Found Inimn's Antique Armour Boutique.
 27346 | Snake:1  | Found Cirr's Book Shop.
 27349 | Snake:1  | Found Kamucun's Antique Weapon Boutique.
 27352 | Snake:1  | Bought a cyan potion for 35 gold pieces
 27363 | Snake:1  | Bought an Inescapable Atlas for 176 gold pieces
 27447 | Snake:1  | Reached skill level 1 in Shields
 28110 | Snake:2  | Found a transporter.
 28115 | Snake:2  | Found a transporter.
 28123 | Snake:2  | Noticed a tentacled starspawn
 28131 | Snake:2  | Noticed Roemi Joo's ghost (journeyman FeCK)
 29187 | Snake:3  | Reached XP level 18. HP: 144/144 MP: 18/18
 29575 | Snake:4  | Entered Level 4 of the Snake Pit
 29824 | Snake:4  | Reached skill level 5 in Shields
 30390 | Snake:4  | Reached skill level 20 in Fighting
 30739 | Snake:4  | Got a serpentine rune of Zot
 31267 | Vaults:1 | Entered Level 1 of the Vaults
 31302 | Vaults:1 | Found a crumbling gateway.
 31311 | Desolati | Entered the Desolation of Salt
 31502 | Desolati | Identified the +4 leather armour of Wasted Space {Str+3}
 31752 | Desolati | Found the +3 Mad Mage's Maulers {Infuse+∞ VampMP -Cast}
 31759 | Desolati | Reached XP level 19. HP: 153/153 MP: 19/19
 31790 | Desolati | Got the Thoughts on Enchanting Assembling
 32194 | Desolati | Identified the staff of the Endless Expanse {rPois rF- rC+
                  | rCorr Dex+3 Ice}
 32197 | Desolati | Identified the ring "Kueqeazil" {Wiz Fly rC+}
 32284 | Desolati | Got the Dissertation on Petrous Debased Secrets
 33229 | Vaults:1 | Reached skill level 10 in Shields
 33840 | Vaults:1 | Reached XP level 20. HP: 160/160 MP: 20/20
 34622 | Elf:1    | Entered Level 1 of the Elven Halls
 34655 | Elf:1    | Reached skill level 21 in Fighting
 34727 | Elf:1    | You are sucked into a shaft and drop 1 floor!
 34727 | Elf:2    | Found a runed translucent gate.
 34727 | Elf:2    | Found a runed translucent gate.
 34727 | Elf:2    | Found a runed translucent gate.
 34906 | Elf:2    | Paralysed by an air elemental for 1 turns
 35078 | Elf:2    | Found Liodadap's Magic Scroll Shop.
 35086 | Elf:2    | Bought a scroll of blinking for 127 gold pieces
 35086 | Elf:2    | Bought a scroll of summoning for 161 gold pieces
 35086 | Elf:2    | Bought a scroll of summoning for 161 gold pieces
 35086 | Elf:2    | Bought a scroll of teleportation for 51 gold pieces
 35400 | Elf:1    | Got Fomuhourph's Directory of the Escort
 35517 | Elf:1    | Noticed Jorgrun
 35523 | Elf:1    | Killed Jorgrun
 35724 | Elf:1    | Paralysed by an air elemental for 1 turns
 36172 | Elf:2    | Reached skill level 15 in Dodging
 36174 | Elf:2    | Noticed Roxanne
 36184 | Elf:2    | Killed Roxanne
 36615 | Elf:2    | Reached XP level 21. HP: 167/167 MP: 9/21
 36893 | Elf:3    | Entered Level 3 of the Elven Halls
 37127 | Elf:3    | Identified the +0 spear of Turmoil {pain, rN+ Int+3}
 37191 | Elf:3    | Identified the +6 plate armour of Vocraor {rElec rPois
                  | Str+4 Dex-5}
 37192 | Elf:3    | Identified the +5 glaive of Coutt {venom, rElec Will+}
 37312 | Elf:3    | Identified the +2 leather armour of Fedhas, Scorching
                  | {rPois}
 37553 | Elf:3    | Identified the ring "Dirovon" {Fly rF++ rN+++ Dex+3 Slay-3}
 37759 | Elf:3    | Got the Almanac of the Body and the Valley
 38054 | Elf:3    | Bought the ring "Korirey" {Will++ EV+5 Dex-3} for 912 gold
                  | pieces
 38060 | Elf:3    | Bought a talisman of death for 1137 gold pieces
 39087 | Vaults:2 | Found a staircase to the Crypt.
 39180 | Vaults:2 | Found a portal to a secret trove of treasure.
 39369 | Vaults:2 | Found Xilahov's Weapon Shoppe.
 40120 | Snake:2  | Found a one-way gate to the infinite horrors of the Abyss.
 40142 | Snake:2  | Killed Roemi Joo's ghost
 40468 | Swamp:2  | Killed gelatine's ghost
 40886 | Vaults:3 | Reached XP level 22. HP: 176/176 MP: 22/22
 41551 | Vaults:3 | Found Guvisen's Book Shoppe.
 41651 | Vaults:3 | Reached skill level 22 in Fighting
 42528 | Vaults:4 | Found a magical portal.
 42533 | WizLab   | Entered Borgnjor's Mausoleum
 42950 | WizLab   | Reached XP level 23. HP: 182/182 MP: 23/23
 43133 | Vaults:4 | Found Gikan's Book Boutique.
 43703 | Vaults:4 | Reached skill level 15 in Shields
 44283 | Vaults:4 | Bought a storm talisman for 1478 gold pieces
 44421 | Crypt:1  | Entered Level 1 of the Crypt
 45248 | Vaults:2 | You paid a toll of 7 scrolls of fear to enter a treasure
                  | trove
 45249 | Trove    | Entered a treasure trove
 45284 | Trove    | Got the Secrets of the Singularity and the Gang
 45286 | Trove    | Identified the ring of Oqetz {rF+ EV+5}
 45347 | Trove    | Identified the ring of Satisfaction {rF- EV+5 Dex+5}
 45353 | Trove    | Identified the ring "Yvoseur" {Fly Stlth+}
 45363 | Trove    | Got the Discursus on Configuration
 45368 | Trove    | Identified the ring "Welles" {rCorr MP+9}
 45372 | Trove    | Got the Vellum of Ill-fated Contamination
 45682 | Crypt:2  | Noticed Grunn
 45701 | Crypt:2  | Killed Grunn
 45903 | Crypt:2  | Identified a scroll of acquirement
 45931 | Crypt:2  | Acquired a manual of Dodging
 46574 | Crypt:3  | Entered Level 3 of the Crypt
 46745 | Crypt:3  | Found an ancient bone altar of Kikubaaqudgha.
 46938 | Crypt:3  | Identified the +1 spear of Doubt {flame, Dex+3 Stlth-}
 46939 | Crypt:3  | Identified the +2 pair of boots of Weirdness {Int+4}
 47148 | Crypt:3  | Identified the ring of Juitoef {Str+2 Int+6}
 47239 | Crypt:3  | Reached XP level 24. HP: 174/191 MP: 23/23
 47408 | Crypt:3  | Found a staircase to the Tomb.
 47798 | Crypt:3  | Found the +8 orange crystal plate armour {Archmagi, Int+3
                  | Clar}
 48201 | Tomb:1   | Entered Level 1 of the Tomb of the Ancients
 48764 | Tomb:1   | Noticed a royal mummy
 48983 | Tomb:1   | Reached skill level 23 in Fighting
 48998 | Tomb:1   | Killed a royal mummy
 49453 | Tomb:1   | Identified the +5 robe of Sloth {Dex+2 Stlth+ Archmagi}
 49721 | Tomb:1   | Identified the +2 helmet of Labuq {rPois Dex+2}
 49793 | Tomb:2   | Noticed a royal mummy
 49793 | Tomb:2   | Noticed a royal mummy
 49793 | Tomb:2   | Noticed a royal mummy
 49794 | Tomb:2   | Noticed a royal mummy
 50321 | Tomb:3   | Entered Level 3 of the Tomb of the Ancients
 50335 | Tomb:3   | Noticed a royal mummy
 50341 | Tomb:3   | Noticed a royal mummy
 50358 | Tomb:3   | Killed a royal mummy
 50359 | Tomb:3   | Slain by a caustic shrike zombie

Illustrated notes

Levels and vault maps discovered:
D:1:      nicolae_arrival_memento_mori, layout_loops_corners, serial_shops,
          nicolae_shop_pleasant_corner_grove
D:2:      layout_basic, grunt_decor_resistance, minivault_5
D:3:      layout_rooms, hex_medium, uniq_robin
D:4:      layout_cave_pools, uniq_blork_the_orc
D:5:      layout_basic, mainiacjoe_overflow_boulevard,
          minmay_temple_entry_antechambers, gammafunk_ghost_arena, uniq_pikel,
          uniq_grinder
D:6:      layout_loops_ring, gammafunk_ghost_necromancy
D:7:      layout_basic, kennysheep_mini, enter_bailey_6, uniq_duvessa
D:8:      layout_loops_ring
D:9:      layout_roguey, nicolae_overflow_hidden_temple, uniq_maggie
D:10:     layout_roguey, hellmonk_lair_entry_icy, ebering_ghost_disaster_area,
          uniq_maurice, uniq_sonja
D:11:     layout_loops_corners, orc_0_dummy
D:12:     layout_cave_pools, uniq_kirke
D:13:     layout_long_grid, gauntlet_entry_generic
D:14:     kennysheep_water_balloons, layout_cave_pods, david_vaults_2,
          serial_shops, nicolae_shop_just_a_little_nook, uniq_agnes, uniq_lodul
D:15:     hangedman_depths_entry_try_elsewhere_first, layout_long_grid,
          serial_shops, shop, columned_hall_lemuel,
          chequers_serial_rivers_micro_a
Temple:   minmay_crystal_spiral_temple
Lair:1:   layout_long_grid, infiniplex_staircase_pool, serial_bayou_shore_b,
          grunt_megastairs_5
Lair:2:   layout_cave_shapes, ebering_ghost_rock_garden, grunt_megastairs_1
Lair:3:   layout_roguey, palyth_hydra_swamp_entry, guppyfry_snake_entry_island,
          serial_bayou, serial_bayou_lagoon_a, serial_bayou_ford_a,
          serial_bayou_pond_c, serial_bayou_pond_e, serial_bayou_pond_c,
          ebering_ghost_disaster_area, lemuel_fruit_tree
Lair:4:   dpeg_oklob_gauntlet, layout_cave_pods, slime_entry_1,
          infiniplex_staircase_pool_2, uniq_josephine
Lair:5:   minmay_lair_end_enchanted_forest, layout_gridlike,
          gammafunk_ghost_hydra_chop, lemuel_fruit_fields, grunt_megastairs_3,
          uniq_urug
Swamp:1:  layout_basic_swamp, serial_swamp_ruin, evilmike_swamp_ruin_house_1,
          hangedman_swamp_ruin_wall, swamp_pool3, nzn_swamp_dancing_lights
Swamp:2:  layout_basic_swamp, gammafunk_ghost_berserking_beasts,
          nicolae_swamp_trees_clearing, uniq_aizul
Swamp:3:  layout_basic_swamp, basic_altar
Swamp:4:  swamp, layout_basic_swamp, swamp_pool3, nicolae_swamp_no_escape,
          uniq_bai_suzhen
Snake:1:  layout_layer_cave, serial_shops, shop, minmay_shoptagon
Snake:2:  layout_honeycomb, gammafunk_ghost_abyssal_escape
Snake:3:  layout_grid_shapes, grunt_megastairs_2
Snake:4:  minmay_snake_end_coiled, layout_gridlike
Orc:1:    layout_caves, basic_altar
Orc:2:    grunt_orc_tribal_feast, layout_caves,
          gammafunk_ghost_wrathful_warriors, uniq_nessos, uniq_azrael
Elf:1:    nicolae_elf_arrival_no_cutting_in_line, layout_loops_corners,
          minmay_elf_demonology, uniq_jorgrun
Elf:2:    nicolae_elf_blades_splatter_lattice [nicolae_blade_tridents],
          layout_loops_cross, serial_shops, shop, nicolae_elf_martial_mastery,
          uniq_roxanne
Elf:3:    minmay_elf_hall_quartered_circle, layout_rooms, minivault_19,
          hangedman_decor_cross_pass
Vaults:1: portal_desolation_entry_garden, nicolae_vaults_weapon_check,
          v_misc_33, v_misc_11, dpeg_vaults_pockets_of_resistance,
          hangedman_vaults_hat, vaults_dpeg_doors, nicolae_vaults_cochlea,
          v_alt_pattern_2, v_misc_10, vaults_dpeg_diagonal,
          layout_vaults_omnigrid
Vaults:2: minmay_crypt_entry_simple_walls, nicolae_vaults_circle_grid_a,
          hangedman_vaults_nails, nicolae_vaults_doubleplus_tesselated,
          vaults_dpeg_cross, nicolae_vaults_little_squares_5, v_rooms_4,
          nicolae_vaults_storage_room_water, serial_ice_g,
          nicolae_vaults_taking_the_gang_shopping, nicolae_vaults_rhombus_5,
          nicolae_vaults_house_1, layout_vaults_chaotic_city,
          nicolae_trove_entry_columns
Vaults:3: v_misc_10, nicolae_vaults_shelves_hall, nicolae_vaults_alarming,
          v_misc_13, nicolae_vaults_diamond_2, hangedman_vaults_slice,
          nicolae_vaults_layer_cake_slice, hangedman_vaults_snaps,
          vaults_mumra_chevron_long, v_rooms_5, nicolae_vaults_tetromino_Z_1,
          layout_vaults_omnicross, serial_shops, shop
Vaults:4: mu_enter_wizlab_1, ontoclasm_vaults_gateway, v_misc_23,
          hangedman_vaults_maws, nicolae_vaults_arrows,
          grunt_vaults_hallway_short, hangedman_vaults_nodes,
          grunt_vaults_funnel, nicolae_vaults_door_testing_chamber,
          ontoclasm_vaults_pinch, ontoclasm_vaults_ring_small, vaults_mumra_hex,
          vaults_room_mumra_shop_pool, nicolae_vaults_diamond_2,
          layout_vaults_omnibox
Crypt:1:  layout_chaotic_city, grunt_crypt_arrival_webbed
Crypt:2:  layout_basic, uniq_grunn
Crypt:3:  grunt_crypt_end_deaths_head
Tomb:1
Tomb:2
Tomb:3

Skill      XL: |  1  2  3  4  5  6  7  8  9 10 11 12 13 14 15 16 17 18 19 20 21 22 23 24 |
---------------+-------------------------------------------------------------------------+-----
Fighting       | 2 3 4 5 6 9 10 12 14 15 17 18 19 20 21 22 23 | 23.1
Shapeshifting  | 4 5 6 7 8 10 11 12 13 14 16 17 18 19 20 21 22 | 22.9
Unarmed Combat | 4 5 6 7 8 9 10 11 12 13 14 16 17 18 19 20 21 | 21.1
Dodging        | 3 6 7 9 10 11 12 13 14 15 16 17 18 | 18.7
Shields        | 4 8 10 12 14 15 16 | 16.2

Action                     |  1- 3 |  4- 6 |  7- 9 | 10-12 | 13-15 | 16-18 | 19-21 | 22-24 || total
---------------------------+-------+-------+-------+-------+-------+-------+-------+-------++-------
  Melee: Dagger            |    57 |     6 |    23 |       |       |       |       |       ||    86
         Constrict         |    18 |    28 |    47 |    75 |   110 |   111 |   177 |    96 ||   662
         Punch             |     3 |       |       |    17 |    66 |   120 |   137 |   199 ||   542
         Unarmed           |     1 |   113 |   180 |   413 |   713 |   882 |   831 |  1111 ||  4244
         Tentacles         |     9 |       |       |    59 |   177 |   243 |   245 |   232 ||   965
 Invoke: Call Merchant     |       |       |       |       |       |     1 |     3 |     1 ||     5
Ability: Blinkbolt         |       |       |       |       |       |       |       |     1 ||     1
  Evoke: Wand              |       |       |       |     8 |       |       |       |       ||     8
    Use: Scroll            |       |     7 |     4 |     8 |     5 |     7 |     4 |     6 ||    41
         Potion            |       |     1 |     5 |     1 |     3 |     6 |     5 |     6 ||    27
   Stab: Sleeping          |     5 |     2 |     1 |     7 |    14 |    12 |    12 |     4 ||    57
         Distracted        |       |       |       |     2 |     6 |    15 |    14 |    16 ||    53
         Petrified         |       |       |       |       |     5 |       |       |       ||     5
         Petrifying        |       |       |       |       |     1 |       |       |       ||     1
         Confused          |       |       |       |       |       |     1 |       |       ||     1
 Armour: Skin              |     4 |    39 |   108 |   180 |   342 |   374 |   275 |   169 ||  1491
  Dodge: Dodged            |    29 |    48 |    90 |   346 |  1150 |  1448 |   815 |  1188 ||  5114
  Block: Buckler           |       |       |       |       |       |   364 |   508 |       ||   872
         Reflection        |       |       |       |       |       |    58 |    54 |    26 ||   138
         Other             |       |       |       |       |       |    16 |       |    60 ||    76
         Kite shield       |       |       |       |       |       |       |   248 |   868 ||  1116
   Form: Anaconda          |       |     1 |       |       |       |       |       |       ||     1
         Statue            |       |       |       |     1 |       |       |       |     1 ||     2
         Storm             |       |       |       |       |       |       |       |     2 ||     2

Table legend: (Time is in decaauts)
 A = Elapsed time spent in this place.
 B = Non-inter-level travel time spent in this place.
 C = Inter-level travel time spent in this place.
 D = Time resting spent in this place.
 E = Time spent auto-exploring this place.
 F = Levels seen in this place.
 G = Mean time per level.
                   A        B        C        D        E       F      G
               +--------+--------+--------+--------+--------+-----+--------+
         Total |  67612 |  59786 |   7826 |   2532 |  44298 |  49 | 1379.8 |
       Dungeon |  17297 |  14317 |   2980 |     35 |  11836 |  15 | 1153.1 |
        Temple |    144 |      2 |    142 |      0 |      0 |   1 |  144.0 |
          Lair |   9133 |   7824 |   1309 |    324 |   6040 |   5 | 1826.6 |
         Swamp |   6294 |   5954 |    340 |    850 |   3920 |   4 | 1573.5 |
     Snake Pit |   6285 |   5810 |    475 |      0 |   4746 |   4 | 1571.2 |
  Orcish Mines |   2645 |   2389 |    256 |    280 |   1444 |   2 | 1322.5 |
   Elven Halls |   5140 |   4717 |    423 |    124 |   3423 |   3 | 1713.3 |
        Vaults |   9868 |   8474 |   1394 |     33 |   6826 |   4 | 2467.0 |
         Crypt |   3199 |   3036 |    163 |      0 |   2452 |   3 | 1066.3 |
          Tomb |   2818 |   2477 |    341 |    884 |   1100 |   3 |  939.3 |
         Trove |    236 |    236 |      0 |      0 |    136 |   1 |  236.0 |
        Bailey |   1331 |   1331 |      0 |      0 |    845 |   1 | 1331.0 |
        Wizlab |    760 |    760 |      0 |      0 |    421 |   1 |  760.0 |
    Desolation |   1798 |   1798 |      0 |      0 |    987 |   1 | 1798.0 |
      Gauntlet |    656 |    656 |      0 |      0 |    120 |   1 |  656.0 |
               +--------+--------+--------+--------+--------+-----+--------+

Top non-repeatable levels by time:
Vaults:1: 3141 daAuts
Vaults:2: 2540 daAuts
  Lair:5: 2274 daAuts
  Lair:3: 2265 daAuts
 Snake:4: 2203 daAuts
  Tomb:1: 2134 daAuts
Vaults:4: 2101 daAuts
Vaults:3: 2085 daAuts
 Snake:2: 1981 daAuts
   Orc:2: 1823 daAuts
Desolation: 1798 daAuts
  Lair:4: 1784 daAuts
 Swamp:4: 1776 daAuts
    D:14: 1767 daAuts
   Elf:1: 1767 daAuts
